 Dungeon Crawl Stone Soup version 0.28-a0-503-g83f2989fac (webtiles) character file.

Game seed: 16131986429488725399

65 Conn the Firebug (level 4, -1/27 HPs)
             Began as an Octopode Fire Elementalist on Sept 20, 2021.
             Slain by Purgy (4 damage)
             ... on level 3 of the Dungeon.
             The game lasted 00:05:41 (2719 turns).

Conn the Firebug (Octopode Fire Elementalist)       Turns: 2719, Time: 00:05:41

Health: -1/27      AC:  1    Str:  7    XL:     4   Next: 14%
Magic:  2/7        EV: 13    Int: 18    God:
Gold:   81         SH:  0    Dex: 12    Spells: 3/8 levels left

rFire   x . .      SeeInvis .   d - +0 dagger
rCold   + . .      Faith    .   (no shield)
rNeg    . . .      Spirit   .   (helmet restricted)
rPois   .          Reflect  .   (no amulet)
rElec   .          Harm     .   a - ring of ice
rCorr   .          Rampage  .   (no ring)
Will    .....                   (no ring)
Stlth   +++.......              (no ring)
HPRegen 0.09/turn               (no ring)
MPRegen 0.10/turn               (no ring)
                                (no ring)
                                (no ring)

@: very slightly contaminated
A: almost no armour, amphibious, 8 rings, camouflage 1, gelatinous body 1,
(nimble swimmer 1), tentacles
a: no special abilities


You were on level 3 of the Dungeon.
You visited 1 branch of the dungeon, and saw 3 of its levels.

You collected 81 gold pieces.

Inventory:

Hand Weapons
 d - a +0 dagger (weapon)
Jewellery
 a - a ring of ice (left tentacle)
Scrolls
 b - a scroll of amnesia {unknown}
 c - a scroll of teleportation {unknown}
 g - a scroll of identify {unknown}
 j - a scroll of blinking {unknown}
Potions
 e - 2 potions of curing {unknown}
 f - a potion of mutation {unknown}
 h - a potion of ambrosia {unknown}
 i - a potion of invisibility {unknown}


   Skills:
 + Level 0.3 Fighting
 + Level 0.6 Short Blades
 + Level 2.2 Dodging
 + Level 3.2 Stealth
 + Level 2.6 Spellcasting
 * Level 1.4 Conjurations
 + Level 3.5 Fire Magic
 * Level 0.7 Ice Magic


You had 3 spell levels left.
You knew the following spells:

 Your Spells              Type           Power      Damage    Failure   Level
a - Freeze                Ice            28%        1d5       13%         1
b - Foxfire               Conj/Fire      44%        2x1d6     6%          1
c - Conjure Flame         Conj/Fire      11%        6-21      19%         3

Your spell library contained the following spells:

 Spells                   Type           Power      Damage    Failure   Level
 Scorch                   Fire           30%        2d7       6%          2
 Inner Flame              Hex/Fire       8%         N/A       24%         3
 Sublimation of Blood     Necr           1%         N/A       26%         2
 Frozen Ramparts          Ice            14%        1d3       36%         3
 Flame Wave               Conj/Fire      11%        3d4       52%         4
 Hailstorm                Conj/Ice       9%         3d4       73%         4
 Petrify                  Tmut/Erth      2%         N/A       86%         4
 Irradiate                Conj/Tmut      2%         3d14      98%         5


Dungeon Overview and Level Annotations

Branches:
Dungeon (3/15)

Altars:
Ru
Yredelemnul

Annotations:
D:3 Purgy


Innate Abilities, Weirdness & Mutations

You cannot wear most types of armour.
You are amphibious.
You can wear up to eight rings at the same time.
Your skin changes colour to match your surroundings (Stealth+).
Your rubbery body absorbs attacks. (AC +1, EV +1)
((You are camouflaged near water. (Stealth+)))
You have tentacles for arms and can constrict up to eight enemies at once.


Message History

Unknown command.
Casting: Freeze (safe; 13% risk of failure)
Confirm with . or Enter, or press ? or * to list all spells.
Aiming: Freeze (safe; 13% risk of failure)
Press: ? - help, Shift-Dir - straight line, f/p - Purgy
Aim: Purgy (lightly wounded)
You feel a surge of power!
You freeze Purgy.
Purgy is moderately wounded.
Purgy closely misses you. Purgy claws you but does no damage.
Purgy closely misses you.
Casting: Freeze (safe; 13% risk of failure)
Confirm with . or Enter, or press ? or * to list all spells.
Aiming: Freeze (safe; 13% risk of failure)
Press: ? - help, Shift-Dir - straight line, f/p - Purgy
Aim: Purgy (moderately wounded)
You feel a surge of power!
You miscast Freeze.
You are very lightly contaminated with residual magic.
Nothing appears to happen.
Purgy misses you. x2; Purgy claws you.
Unknown command.
Casting: Freeze (safe; 13% risk of failure)
Confirm with . or Enter, or press ? or * to list all spells.
Aiming: Freeze (safe; 13% risk of failure)
Press: ? - help, Shift-Dir - straight line, f/p - Purgy
Aim: Purgy (lightly wounded)
You feel a surge of power!
You freeze Purgy.
Purgy is moderately wounded.
Purgy looks around nervously.
Purgy bites you!
* * * LOW HITPOINT WARNING * * *
Purgy claws you.
* * * LOW HITPOINT WARNING * * *
Purgy closely misses you.
Press: ? - help, v - describe, . - travel
Here: Purgy (moderately wounded)
The floor.
Unknown command.
Purgy bites you.
* * * LOW HITPOINT WARNING * * *
Purgy claws you but does no damage. Purgy claws you.
You die...

#.# #.# #.# #.#
#.# #.# # #.#
.##.#
#.########......
#>.....@T...#
#.########.## #.#
.# #.# .# #.#
.####
#.########.<..##
#.)............#
###########......
#####


You could see Purgy.

Vanquished Creatures
  An adder (D:3)
  A worm (D:2)
  2 dart slugs (D:1)
  10 ball pythons
  2 endoplasms
  3 giant cockroaches
  6 goblins
  7 hobgoblins
  3 kobolds
  A quokka (D:1)
  2 bats
  2 frilled lizards (D:1)
  4 rats
44 creatures vanquished.

Vanquished Creatures (others)
  55 foxfires
55 creatures vanquished.

Grand Total: 99 creatures vanquished

Notes
Turn   | Place    | Note
-------+----------+-------------------------------------------
     0 | D:1      | Conn the Octopode Fire Elementalist began the quest for the
                  | Orb.
     0 | D:1      | Reached XP level 1. HP: 11/11 MP: 3/3
    46 | D:1      | Found a faded altar of an unknown god.
   124 | D:1      | Reached XP level 2. HP: 17/17 MP: 0/5
   253 | D:1      | Learned a level 1 spell: Freeze
   632 | D:1      | Reached XP level 3. HP: 21/21 MP: 6/6
   636 | D:1      | Learned a level 3 spell: Conjure Flame
  1239 | D:2      | Found a sacrificial altar of Ru.
  2524 | D:3      | Found a basalt altar of Yredelemnul.
  2544 | D:3      | Reached XP level 4. HP: 23/27 MP: 7/7
  2653 | D:3      | Noticed Purgy
  2719 | D:3      | Slain by Purgy

Illustrated notes

Levels and vault maps discovered:
D:1:      eino_arrival_water_cross, layout_basic,
          shapermc_ecumenical_altar_mp_highgroup, chequers_serial_rivers_marsh,
          minmay_bisected
D:2:      layout_basic, basic_altar
D:3:      layout_loops_ring, yredelemnul_altar_generic, uniq_grinder, uniq_purgy

Skill      XL: |  1  2  3 |
---------------+----------+-----
Stealth        | 3 |  3.2
Fighting       | |  0.3
Short Blades   | |  0.6
Dodging        | |  2.2
Spellcasting   | |  2.6
Conjurations   | |  1.4
Fire Magic     | |  3.5
Ice Magic      | |  0.7

Action                   |  1- 3 |  4- 6 || total
-------------------------+-------+-------++-------
Melee: Unarmed           |     2 |       ||     2
       Dagger            |    53 |     5 ||    58
       Constrict         |    10 |     2 ||    12
       Tentacles         |     5 |       ||     5
 Cast: Foxfire           |    31 |       ||    31
       Freeze            |     9 |     4 ||    13
 Stab: Sleeping          |     7 |       ||     7
Armor: Skin              |     6 |     3 ||     9
Dodge: Dodged            |    53 |     8 ||    61

Table legend: (Time is in decaauts)
 A = Elapsed time spent in this place.
 B = Non-inter-level travel time spent in this place.
 C = Inter-level travel time spent in this place.
 D = Time resting spent in this place.
 E = Time spent auto-exploring this place.
 F = Levels seen in this place.
 G = Mean time per level.
                   A        B        C        D        E       F      G
               +--------+--------+--------+--------+--------+-----+--------+
         Total |   2717 |   2692 |     25 |     37 |   2102 |   3 |  905.7 |
       Dungeon |   2717 |   2692 |     25 |     37 |   2102 |   3 |  905.7 |
               +--------+--------+--------+--------+--------+-----+--------+

Top non-repeatable levels by time:
     D:2: 1256 daAuts
     D:1: 1238 daAuts
     D:3: 222 daAuts
